 Dungeon Crawl Stone Soup version 0.23-a0-480-g1869896 (webtiles) character file.

417 theanonym the Skirmisher (level 6, 0/49 HPs)
             Began as a Mummy Enchanter on Nov 28, 2018.
             Slain by a hound (2 damage)
             ... on level 4 of the Dungeon.
             The game lasted 00:09:08 (6724 turns).

theanonym the Skirmisher (Mummy Enchanter)          Turns: 6724, Time: 00:09:08

Health: 0/49       AC:  9    Str: 13    XL:     6   Next: 61%
Magic:  10/10      EV:  6    Int: 14    God:
Gold:   223        SH:  0    Dex: 13    Spells: 9/10 levels left

rFire    x . .     SeeInvis .   a - +2 dagger
rCold    + . .     Gourm    .   (no shield)
rNeg     + + +     Faith    .   q - +0 chain mail
rPois    ∞         Spirit   .   o - +0 helmet
rElec    .         Reflect  .   (no cloak)
rCorr    .         Harm     .   (no gloves)
MR       .....                  (no boots)
Stlth    ..........             (no amulet)
HPRegen  0.16/turn              j - ring of attention (curse)
MPRegen  0.12/turn              (no ring)

@: very slightly contaminated
A: no food or potions, fire vulnerability, cold resistance 1, negative energy
resistance 3, torment resistance, unbreathing
a: no special abilities


Innate Abilities, Weirdness & Mutations

You do not eat or drink.
Your flesh is vulnerable to fire.
You are immune to poison.
Your flesh is cold resistant. (rC+)
You are immune to negative energy. (rN+++)
You are immune to unholy pain and torment.
You can survive without breathing.


   Skills:
 + Level 4.6 Fighting
 + Level 4.0 Short Blades
 - Level 1.5 Dodging
 - Level 2.4 Stealth
 - Level 2.6 Spellcasting
 - Level 2.6 Hexes


You had 9 spell levels left.
You knew the following spells:

 Your Spells              Type           Power        Failure   Level  Hunger
a - Corona                Hex            #......      95%         1    N/A

Your spell library contained the following spells:

 Spells                   Type           Power        Failure   Level  Hunger
 Ensorcelled Hibernation  Hex/Ice        #.....       100%        2    N/A
 Confuse                  Hex            #.......     100%        3    N/A
 Dazzling Spray           Conj/Hex       #.....       100%        3    N/A
 Tukima's Dance           Hex            #.......     100%        3    N/A

Skill      XL: |  1  2  3  4  5  6 |
---------------+-------------------+-----
Short Blades   | 1 2 3 4 |  4.0
Fighting       | 1 2 3 4 |  4.6
Dodging        | |  1.5
Stealth        | |  2.4
Spellcasting   | |  2.6
Hexes          | |  2.6

Action                   |  1- 3 |  4- 6 || total
-------------------------+-------+-------++-------
Melee: Dagger            |   162 |   510 ||   672
Evoke: Wand              |     4 |     7 ||    11
  Use: Scroll            |       |    11 ||    11
 Stab: Sleeping          |     8 |     1 ||     9
Armor: Robe              |    39 |     5 ||    44
       Scale mail        |       |    62 ||    62
       Ring mail         |       |     2 ||     2
       Chain mail        |       |   142 ||   142
Dodge: Dodged            |   114 |   197 ||   311

Inventory:

Hand Weapons
 a - a +2 dagger (weapon)
 e - a +0 rapier
   (You found it on level 5 of the Dungeon)
Missiles
 d - 11 bolts
 h - 93 arrows
Armour
 o - a +0 helmet (worn)
   (You found it on level 3 of the Dungeon)
 q - a +0 chain mail (worn)
   (You found it on level 3 of the Dungeon)
Jewellery
 j - a cursed ring of attention (left hand)
   (You found it on level 2 of the Dungeon)
Scrolls
 f - a scroll of fog
 g - a scroll of enchant weapon
 n - 3 scrolls of remove curse


You were on level 4 of the Dungeon.
You were not hungry.

You visited 1 branch of the dungeon, and saw 5 of its levels.

You collected 223 gold pieces.

Dungeon Overview and Level Annotations

Branches:
Dungeon (5/15)
 Temple: D:4-7

Altars:
Elyvilon
Xom

# #....# #.#
#.##########
# #.#### #.#
#..........#
# #.# #.#
##########.#
# #.#
#.#######
#.# # #.#
#...h...#
#.# ###.#
#######.#
#.# ....#
#.# #.#
#####
#######.#
#.# ..#
#...@h..#
#.# ..#
#.#######
#.# ..# #.#
#.# ..# #.#
#.# ..# #.#
#.# ..# #.#
#.# #.# #.#
#.# ..# #.#
#.# ### #.#
#.#


You could see a hound.

Notes
Turn   | Place    | Note
-------+----------+-------------------------------------------
     0 | D:1      | theanonym the Mummy Enchanter began the quest for the Orb.
     0 | D:1      | Reached XP level 1. HP: 13/13 MP: 4/4
    32 | D:1      | Reached skill level 1 in Short Blades
   221 | D:1      | Reached skill level 1 in Fighting
   252 | D:1      | Reached XP level 2. HP: 17/21 MP: 5/5
   916 | D:1      | Reached XP level 3. HP: 26/27 MP: 7/7
  1271 | D:2      | HP: 12/27 [adder (4)]
  1276 | D:2      | HP: 8/27 [adder (1)]
  1280 | D:2      | HP: 1/27 [adder (4)]
  1281 | D:2      | Reached skill level 2 in Fighting
  1281 | D:2      | Reached skill level 2 in Short Blades
  1744 | D:2      | HP: 9/27 [worker ant (5)]
  1745 | D:2      | Reached XP level 4. HP: 11/34 MP: 8/8
  2198 | D:2      | HP: 15/34 [worm (9)]
  2402 | D:2      | HP: 15/34 [worm (12)]
  2744 | D:2      | HP: 15/34 [adder (3)]
  2985 | D:2      | Reached skill level 3 in Fighting
  3652 | D:3      | Found a faded altar of an unknown god.
  3685 | D:3      | Reached XP level 5. HP: 32/41 MP: 9/9
  3763 | D:3      | Reached skill level 3 in Short Blades
  3939 | D:3      | HP: 15/41 [orc priest/divine providence (11)]
  4281 | D:3      | Found a white marble altar of Elyvilon.
  4658 | D:4      | Reached skill level 4 in Fighting
  4658 | D:4      | Reached XP level 6. HP: 25/48 MP: 10/10
  4662 | D:4      | HP: 24/48 [worker ant (2)]
  4668 | D:4      | HP: 24/48 [worker ant (1)]
  4673 | D:4      | HP: 21/48 [worker ant (1)]
  4678 | D:4      | HP: 13/48 [worker ant (3)]
  5115 | D:4      | HP: 21/49 [worker ant (5)]
  5121 | D:4      | HP: 11/49 [worker ant (1)]
  5128 | D:4      | HP: 6/49 [worker ant (1)]
  5218 | D:3      | HP: 19/49 [adder (1)]
  6207 | D:5      | Entered Level 5 of the Dungeon
  6241 | D:5      | Found a shimmering altar of Xom.
  6276 | D:5      | HP: 24/49 [killer bee zombie (2)]
  6281 | D:5      | HP: 23/49 [killer bee zombie (2)]
  6289 | D:5      | HP: 16/49 [killer bee zombie (3)]
  6611 | D:5      | Reached skill level 4 in Short Blades
  6657 | D:5      | HP: 24/49 [crimson imp/+0 war axe (4)]
  6665 | D:5      | HP: 22/49 [hound (3)]
  6673 | D:5      | HP: 19/49 [hound (1)]
  6695 | D:4      | HP: 20/49 [hound (1)]
  6700 | D:4      | HP: 15/49 [hound (3)]
  6705 | D:4      | HP: 4/49 [hound (4)]
  6721 | D:4      | HP: 5/49 [hound (2)]
  6723 | D:4      | HP: 2/49 [hound (3)]
  6724 | D:4      | Slain by a hound

Vanquished Creatures
  A scorpion (D:4)
  A howler monkey (D:4)
  An orc priest (D:3)
  3 worker ants
  A killer bee zombie (D:5)
  10 adders
  An adder skeleton (D:5)
  6 worms
  A dart slug (D:1)
  3 leopard geckos
  3 orcs
  7 bats
  5 giant cockroaches
  2 hobgoblins (D:1)
  7 jackals
  10 kobolds
  A quokka (D:2)
  9 frilled lizards
  5 goblins
  A quokka zombie (D:5)
  8 rats (D:1)
86 creatures vanquished.

Vanquished Creatures (collateral kills)
  A worker ant (D:4)
  A worm (D:2)
  A dart slug (D:2)
  A hobgoblin (D:2)
  A bat (D:2)
  A frilled lizard (D:2)
6 creatures vanquished.

Vanquished Creatures (others)
  A worker ant (D:4)
  A hobgoblin (D:2)
  A frilled lizard (D:2)
3 creatures vanquished.

Grand Total: 95 creatures vanquished

Table legend:
 A = Turns spent in this place as a percentage of turns spent in the entire game.
 B = Non-inter-level travel turns spent in this place as a percentage of non-inter-level travel turns spent in the entire game.
 C = Inter-level travel turns spent in this place as a percentage of turns spent in this place.
 D = Turns resting spent in this place as a percentage of non-inter-level travel turns spent in this place.
 E = Turns spent auto-exploring this place as a percentage of non-inter-level travel turns spent in this place.
 F = Non-inter-level travel turns spent in this place divided by the number of levels of this place that you've seen.
                   A       B       C       D       E      F
               +-------+-------+-------+-------+-------+----------------------
         Total | 100.0 | 100.0 |   3.8 |  47.6 |  33.0 | 1293.2
       Dungeon | 100.0 | 100.0 |   3.8 |  47.6 |  33.0 | 1293.2
               +-------+-------+-------+-------+-------+----------------------
